 Dungeon Crawl Stone Soup version 0.21-a0-591-g2314aa1 (webtiles) character file.

12 wvc the Magician (level 2, -2/22 HPs)
             Began as a Demonspawn Wanderer on Dec 22, 2017.
             Slain by a leopard gecko (3 damage)
             ... on level 1 of the Dungeon.
             The game lasted 00:01:12 (341 turns).

wvc the Magician (Demonspawn Wanderer)               Turns: 341, Time: 00:01:13

Health: -2/22      AC:  2    Str:  9    XL:     2   Next: 20%
Magic:  6/6        EV: 11    Int: 14    God:
Gold:   13         SH:  0    Dex: 14    Spells: 7/7 levels left

rFire    . . .     SeeInvis .   (no weapon)
rCold    . . .     Gourm    .   (no shield)
rNeg     . . .     Faith    .   e - +0 robe
rPois    .         Spirit   .   (helmet restricted)
rElec    .         Reflect  .   (no cloak)
rCorr    .         Harm     .   (no gloves)
MR       .....                  (no boots)
Stlth    +.........             (no amulet)
HPRegen  0.07/turn              (no ring)
MPRegen  0.10/turn              (no ring)

@: no status effects
A: antennae 1
a: no special abilities


You were on level 1 of the Dungeon.
You were not hungry.

You visited 1 branch of the dungeon, and saw 1 of its levels.

You collected 13 gold pieces.

Inventory:

Hand Weapons
 a - a +2 shortbow
Missiles
 b - 20 arrows
Armour
 e - a +0 robe (worn)
Potions
 d - a potion of lignification
Books
 c - the Grimoire of Arcane Weapons

   Spells                             Type                      Level
   a - Throw Flame                    Conjuration/Fire             2
   b - Searing Ray                    Conjuration                  2
Comestibles
 f - 2 rations


   Skills:
 + Level 1.9 Fighting
 - Level 1.7 Bows
 + Level 0.8 Dodging
   Level 1.0 Shields
 + Level 0.1 Unarmed Combat
 - Level 3.0 Spellcasting
   Level 2.0 Conjurations
   Level 1.0 Evocations


You had 7 spell levels left.
You didn't know any spells.

Dungeon Overview and Level Annotations

Branches:
Dungeon (1/15)

Altars:


Innate Abilities, Weirdness & Mutations

You have a pair of small antennae on your head.


Message History

You closely miss the leopard gecko.
The leopard gecko completely misses you.
The leopard gecko bites you.
You are too injured to fight recklessly!
You are too injured to fight recklessly!
You are too injured to fight recklessly!
You are too injured to fight recklessly!
You are too injured to fight recklessly!
You hit the leopard gecko but do no damage.
The leopard gecko closely misses you.
You hit the leopard gecko but do no damage.
The leopard gecko bites you.
You hit the leopard gecko but do no damage.
The leopard gecko bites you.
* * * LOW HITPOINT WARNING * * *
You miss the leopard gecko. The leopard gecko bites you.
* * * LOW HITPOINT WARNING * * *
You barely miss the leopard gecko. The leopard gecko closely misses you.
The leopard gecko bites you.
You die...

.#############.#
.##............######
.##.................#
..#(................+
..#.................##
..'...................
..#...............#. ##.
..#...............#.....
..#..÷.÷........@l..#
..#...)..........?......
..#............#.##....#
..÷)...........#.. ....
...##..........##.. ...
..###..######.## .## ##
.###..## #.. .. ###...#
## #.#########.. #....#
#P.≈≈≈P≈#.###


You could see a leopard gecko.

Vanquished Creatures
  A giant cockroach (D:1)
  2 jackals (D:1)
  2 bats (D:1)
  3 frilled lizards (D:1)
  2 goblins (D:1)
  3 rats (D:1)
13 creatures vanquished.

Notes
Turn   | Place    | Note
-------+----------+-------------------------------------------
     0 | D:1      | wvc the Demonspawn Wanderer began the quest for the Orb.
     0 | D:1      | wvc set off with: a +2 shortbow, 24 arrows, the Grimoire of Arcane Weapons, a potion of lignification, a +0 robe, a ration
     0 | D:1      | Reached XP level 1. HP: 15/15 MP: 4/4
     0 | D:1      | Identified the Grimoire of Arcane Weapons
    89 | D:1      | Gained mutation: You have a pair of small antennae on your head. [demonic ancestry]
    89 | D:1      | Reached XP level 2. HP: 21/22 MP: 6/6
   340 | D:1      | HP: 1/22 [leopard gecko (3)]
   341 | D:1      | Slain by a leopard gecko

Vault maps used:
D:1:      lightli_arrival_flooded_house, st_stairs_3,
          hangedman_abyss_or_decor_stabs, minivault_19, minmay_fountain_box

Action                   || total
-------------------------++-------
Melee: Unarmed           ||    52
 Fire: Shortbow          ||    23
Armor: Robe              ||    31
Dodge: Dodged            ||    55

Table legend:
 A = Spawn XP
 B = Non-spawn XP
 C = Spawn XP percentage of total XP
 D = Spawn monster count
 E = Non-spawn monster count
 F = Spawn count percentage of total count
 G = Total turns spent on level
                    A         B        C        D         E        F      G
               +---------+---------+-------+---------+---------+-------+---------
         Total |       0 |      18 |   0.0 |       0 |      13 |   0.0 |   341
               +---------+---------+-------+---------+---------+-------+---------
           D:1 |       0 |      18 |   0.0 |       0 |      13 |   0.0 |   341
               +---------+---------+-------+---------+---------+-------+---------
